 Dungeon Crawl Stone Soup version 0.31-a0-1009-g454b1f1e0a (webtiles) character file.

Game seed: 15454852358757584189

38054 Bokiboji the Fencer (level 13, -2/178 HPs)
             Began as a Minotaur Berserker on Oct 26, 2023.
             Was an Elder of Trog.
             Slain by a pharaoh ant (35 damage)
             ... on level 1 of the Spider Nest on Nov 14, 2023.
             The game lasted 01:47:44 (17821 turns).

Bokiboji the Fencer (Minotaur Berserker)           Turns: 17821, Time: 01:47:45

Health: -2/178     AC:  4    Str: 27    XL:     13   Next: 61%
Magic:  0/12       EV: 13    Int:  4    God:    Trog [****..]
Gold:   1762       SH:  7    Dex: 13    Spells: 12/12 levels left

rFire   . . .        w - +5 long sword (freeze)
rCold   + . .        I - +0 kite shield
rNeg    + + +        h - +0 scale mail of Responsibility {rC+ rN+++ Regen+ Dex-3}
rPois   .            L - +1 hat
rElec   .            G - scarf {repulsion}
rCorr   .            d - +1 pair of gloves
SInv    .            (no boots)
Will    +....        l - amulet of guardian spirit Stlth
                     H - +6 ring of dexterity
HPRegen 1.29/turn    s - ring of willpower
MPRegen 0.13/turn

%: repel missiles, guardian spirit
@: berserking (expiring), lethally poisoned (-2 -> -2), corroded, very quick
A: horns 2, retaliatory headbutt
a: Renounce Religion, Berserk, Trog's Hand, Brothers in Arms


You were on level 1 of the Spider Nest.
You worshipped Trog.
Trog was greatly pleased with you.
You visited 3 branches of the dungeon, and saw 17 of its levels.

You collected 1762 gold pieces.

Inventory:

Hand Weapons
 a - a +1 falchion of freezing
 w - a +5 long sword of freezing (weapon)
 x - a +0 orcbow
Missiles
 C - 3 throwing nets
 J - 8 boomerangs (quivered)
 O - 4 poisoned darts
Armour
 b - a +0 animal skin
 d - a +1 pair of gloves (worn)
 f - a +0 chain mail
 h - the +0 scale mail of Responsibility (worn) {rC+ rN+++ Regen+ Dex-3}
   (You found it on level 9 of the Dungeon)

   Dex-3:     It affects your dexterity (-3).
   rC+:       It protects you from cold.
   rN+++:     It renders you almost immune to negative energy.
   Regen+:    It increases your rate of health regeneration.
 k - the +0 helmet "Pylar" {Dex+2}
   (You found it on level 3 of the Lair of Beasts)

   Dex+2:     It affects your dexterity (+2).
 r - a +0 pair of gloves
 G - a scarf of repulsion (worn)
 I - a +0 kite shield (worn)
 K - a +0 plate armour
 L - a +1 hat (worn)
 T - +0 steam dragon scales
Jewellery
 l - an amulet of guardian spirit (around neck)
 p - a ring of poison resistance
 s - a ring of willpower (right hand)
 t - a +4 ring of protection
 u - an amulet of regeneration
 y - a ring of protection from fire
 H - a +6 ring of dexterity (left hand)
 S - an amulet of faith
 V - an amulet of magic regeneration
Talismans
 g - a flux talisman
 P - a maw talisman
 R - a storm talisman
Wands
 c - a wand of digging (7)
 B - a wand of polymorph (8)
 D - a wand of flame (8)
Scrolls
 n - 2 scrolls of teleportation
 q - a scroll of torment
 E - a scroll of revelation
 F - 2 scrolls of immolation
 Q - a scroll of blinking
 U - 2 scrolls of poison
Potions
 e - 5 potions of curing
 i - a potion of invisibility
 j - 2 potions of mutation
 m - 2 potions of enlightenment {unknown}
 z - 3 potions of attraction {unknown}
 A - 7 potions of degeneration
 M - 2 potions of haste
 N - a potion of lignification {unknown}
 W - 2 potions of resistance {unknown}


   Skills:
 + Level 12.4 Fighting
 * Level 17.0 Long Blades
 + Level 12.5 Armour
 + Level 10.4 Dodging
 - Level 0.6 Stealth
 - Level 5.8 Evocations
 + Level 4.5 Shapeshifting


You had 12 spell levels left.
You didn't know any spells.
Your spell library contained the following spells:

 Spells                   Type           Power      Damage    Failure   Level
 Slow                     Hex            0%         N/A       93%         1
 Confusing Touch          Hex            0%         N/A       100%        3
 Sigil of Binding         Hex            0%         N/A       100%        3
 Vampiric Draining        Necr           0%         2d6       100%        3


Dungeon Overview and Level Annotations

Branches:
Dungeon (10/15)            Temple (0/1) D:7            Lair (5/5) D:9
  Swamp (0/4) Lair:3       Spider (2/4) Lair:3          Orc (0/2) D:10
  Slime: Lair:4-5

Altars:
Cheibriados
Fedhas
Kikubaaqudgha
Nemelex Xobeh
Okawaru
Trog
Vehumet
Yredelemnul
Zin

Shops:
D:2 =?[![


Innate Abilities, Weirdness & Mutations

You have a pair of horns on your head.
You reflexively headbutt those who attack you in melee.


Message History

The pharaoh ant closely misses you.
You climb upwards.
You feel a strong urge to attack something.
You feel sick.
There is a stone staircase leading down here.
You barely miss the entropy weaver.
The entropy weaver is heavily wounded.
You feel sick.
You slice the entropy weaver!! You freeze the entropy weaver.
The entropy weaver is almost dead.
You feel sick. You block the pharaoh ant's attack.
The entropy weaver closely misses you. You furiously retaliate!
You headbutt the entropy weaver. You block the entropy weaver's attack.
The entropy weaver misses you. The entropy weaver hits you.
* * * LOW HITPOINT WARNING * * *
You hit the entropy weaver but do no damage.
You headbutt the entropy weaver.
The entropy weaver is almost dead.
You feel sick. The pharaoh ant bites you.
* * * LOW HITPOINT WARNING * * *
The entropy weaver points at you and mumbles some strange words.
The entropic weave corrodes you!
You slash the entropy weaver! You freeze the entropy weaver.
You kill the entropy weaver!
Trog accepts your kill.
Trog appreciates your killing of a magic user.
You feel sick. The pharaoh ant misses you. You furiously retaliate!
You headbutt the pharaoh ant. You closely miss the pharaoh ant.
Your headbutt misses the pharaoh ant.
The pharaoh ant is lightly damaged.
You feel sick.
You slash the pharaoh ant! You freeze the pharaoh ant.
Your headbutt misses the pharaoh ant.
The pharaoh ant is severely damaged.
The pharaoh ant bites you!
* * * LOW HITPOINT WARNING * * *
You hit the pharaoh ant but do no damage.
The pharaoh ant is severely damaged.
You feel sick. The pharaoh ant bites you!!!
You die...

..#..###...#..................≈≈#
.##...########..###......#.#..≈≈#
####..#.#.###.....####~~....≈~~≈#
.###.^#...#.###..#####≈≈~.~~~~≈##
...#..#?.....#...#.#.###≈~~≈≈###
...#..###....##..#....###≈≈###
..###.....####...#...########
...#.......#.##.B#..##......##
..##.####....#..@#......##...#
...###....#....###.......#..##
..##.#.^..##...#...#.#####...#
#....####.#..#.....###[..########
.....#.#####.##..###.#..##...#.#.
.##....###.####..#.#.....#..##...
####..##.#..#.#..#....#####..#...
.#.......##...#..#.^#..#.#.^###.#
.#..##....##..##.^^.####......###


You could see a pharaoh ant.

Vanquished Creatures
  Gastronok (Lair:2)
  2 spark wasps (Spider:1)
  2 entropy weavers (Spider:1)
  A hydra (Lair:3)
  Erolcha (D:9)
  A boulder beetle (Lair:1)
  2 catoblepae (Lair:1)
  A two-headed ogre (D:10)
  2 demonic crawlers (Spider:1)
  Amaemon (Lair:2)
  Pikel (D:8)
  2 wolf spiders (Spider:1)
  2 moths of wrath (Spider:1)
  A faun (Spider:1)
  9 elephants (Lair:4)
  2 black mambas (Lair:3)
  An eye of devastation (Spider:1)
  3 torpor snails
  An orange demon (Lair:2)
  4 cane toads
  5 komodo dragons
  2 rime drakes
  A meliai (Lair:1)
  A troll (D:10)
  A polar bear (Lair:1)
  3 tarantellas
  6 blink frogs
  9 culicivoras
  11 jumping spiders
  3 wyverns
  5 basilisks
  22 yaks
  2 steam dragons
  18 redbacks
  Menkaure (D:7)
  An acid dragon (D:9)
  14 water moccasins
  5 black bears
  An ice beast (D:5)
  2 orc warriors (D:10)
  A sky beast (D:7)
  A swamp drake (D:10)
  3 centaurs
  9 wolves
  A phantom (D:6)
  11 bullfrogs
  2 scorpions
  A gnoll sergeant (D:9)
  4 wights (D:8)
  17 killer bees
  3 electric eels (Spider:1)
  4 howler monkeys
  2 hounds (D:5)
  A jelly (D:7)
  3 orc priests
  A gnoll bouda (D:8)
  2 iguanas
  A sleepcap (D:4)
  10 orc wizards
  9 gnolls
  6 adders
  A white imp (D:5)
  2 ufetubi (D:5)
  A worm (D:2)
  A dart slug (D:3)
  32 orcs
  4 ball pythons
  3 endoplasms
  3 giant cockroaches
  5 goblins
  7 hobgoblins
  4 jackals (D:1)
  A quokka (D:3)
  3 bats (D:2)
  A frilled lizard (D:1)
  5 kobolds
  7 rats
325 creatures vanquished.

Notes
Turn   | Place    | Note
-------+----------+-------------------------------------------
     0 | D:1      | Bokiboji the Minotaur Berserker began the quest for the
                  | Orb.
     0 | D:1      | Reached XP level 1. HP: 19/19 MP: 0/0
    77 | D:1      | Reached XP level 2. HP: 14/27 MP: 1/1
   210 | D:1      | Reached skill level 4 in Long Blades
   515 | D:2      | Found Gamej's Distillery.
   543 | D:2      | Reached XP level 3. HP: 34/34 MP: 2/2
   570 | D:2      | Found Noirhit's Armour Shoppe.
   630 | D:2      | Found Hieheme's Magic Scroll Shop.
   637 | D:2      | Upgraded the game from 0.31-a0-965-g8a8ce12e04 to
                  | 0.31-a0-981-geadf994542
   761 | D:2      | Found Xomyg's Jewellery Boutique.
   829 | D:2      | Found Qisyng's Armour Emporium.
   843 | D:2      | Reached ** piety under Trog
   900 | D:2      | Found a faded altar of an unknown god.
  1633 | D:4      | Reached XP level 4. HP: 39/41 MP: 3/3
  1688 | D:5      | Entered Level 5 of the Dungeon
  1688 | D:5      | Noticed a bullfrog
  1726 | D:4      | Reached skill level 5 in Long Blades
  1726 | D:4      | Noticed a scorpion
  1731 | D:4      | Killed a scorpion
  1732 | D:4      | Reached XP level 5. HP: 45/47 MP: 2/4
  1801 | D:5      | Noticed an ice beast
  1811 | D:5      | Killed an ice beast
  1812 | D:5      | Reached skill level 5 in Fighting
  1812 | D:5      | Reached skill level 6 in Long Blades
  1812 | D:5      | Reached XP level 6. HP: 41/56 MP: 1/5
  2176 | D:5      | Found a glowing silver altar of Zin.
  2179 | D:5      | Found an iron altar of Okawaru.
  2182 | D:5      | Found a sparkling altar of Nemelex Xobeh.
  2185 | D:5      | Found a radiant altar of Vehumet.
  2251 | D:5      | Found a snail-covered altar of Cheibriados.
  2251 | D:5      | Found a basalt altar of Yredelemnul.
  2284 | D:5      | Reached skill level 7 in Long Blades
  2284 | D:5      | Reached XP level 7. HP: 58/61 MP: 6/6
  2534 | D:7      | Reached skill level 5 in Armour
  2565 | D:7      | Reached skill level 8 in Long Blades
  2571 | D:7      | Reached XP level 8. HP: 49/70 MP: 4/7
  2588 | D:7      | Reached skill level 9 in Long Blades
  2590 | D:7      | Upgraded the game from 0.31-a0-981-geadf994542 to
                  | 0.31-a0-1002-g8e65716e6e
  2595 | D:7      | Noticed Menkaure
  2607 | D:7      | Killed Menkaure
  2903 | D:7      | Upgraded the game from 0.31-a0-1002-g8e65716e6e to
                  | 0.31-a0-1009-g454b1f1e0a
  3160 | D:7      | Reached skill level 10 in Long Blades
  3164 | D:7      | Reached skill level 5 in Dodging
  3164 | D:7      | Reached XP level 9. HP: 49/79 MP: 8/8
  3435 | D:7      | Found a staircase to the Ecumenical Temple.
  3926 | D:8      | Found a bloodstained altar of Trog.
  3942 | D:8      | Noticed Pikel
  3951 | D:8      | Killed Pikel
  3952 | D:8      | Reached skill level 1 in Evocations
  4041 | D:8      | Reached *** piety under Trog
  4783 | D:8      | Reached skill level 11 in Long Blades
  5666 | D:9      | Noticed Erolcha
  5679 | D:9      | Killed Erolcha
  5680 | D:9      | Reached XP level 10. HP: 68/89 MP: 9/9
  5850 | D:9      | Found a staircase to the Lair.
  5997 | D:9      | Reached skill level 12 in Long Blades
  6565 | D:9      | Identified the +0 scale mail of Responsibility {rC+ rN+++
                  | Regen+ Dex-3}
  6786 | Lair:1   | Entered Level 1 of the Lair of Beasts
  6786 | Lair:1   | Noticed a cane toad
  6836 | D:10     | Entered Level 10 of the Dungeon
  6876 | D:10     | Found an ancient bone altar of Kikubaaqudgha.
  6876 | D:10     | Found a blossoming altar of Fedhas.
  7295 | D:10     | Found a staircase to the Orcish Mines.
  7394 | D:10     | Identified a scroll of acquirement
  7394 | D:10     | Acquired 825 gold pieces
  7467 | D:10     | Noticed a two-headed ogre
  7476 | D:10     | Killed a two-headed ogre
  7846 | Lair:1   | Reached skill level 13 in Long Blades
  7847 | Lair:1   | Killed a cane toad
  7881 | D:9      | Reached XP level 11. HP: 97/97 MP: 10/10
  7968 | Lair:1   | Noticed a boulder beetle
  8044 | Lair:1   | Killed a boulder beetle
  8204 | Lair:1   | Reached **** piety under Trog
  8205 | Lair:1   | Reached skill level 10 in Armour
  8282 | Lair:1   | Reached skill level 10 in Fighting
  8455 | Lair:1   | Noticed a catoblepas
  8460 | Lair:1   | Killed a catoblepas
  8461 | Lair:1   | Reached skill level 5 in Evocations
  8597 | Lair:1   | Noticed a catoblepas
  8618 | Lair:1   | HP: 4/99 [catoblepas (15)]
  8809 | Lair:1   | Killed a catoblepas
  8810 | Lair:1   | Reached skill level 14 in Long Blades
  8875 | Lair:1   | Reached skill level 1 in Shapeshifting
  9501 | Lair:2   | You fall into a shaft and drop 2 floors!
  9515 | Lair:5   | Entered Level 5 of the Lair of Beasts
  9723 | Lair:3   | Noticed an eight-headed hydra
  9733 | Lair:3   | Killed a ten-headed hydra
  9751 | Lair:3   | Reached XP level 12. HP: 82/107 MP: 6/11
 10699 | Lair:2   | Noticed Gastronok
 10711 | Lair:2   | Killed Gastronok
 11118 | Lair:2   | Noticed Amaemon
 11130 | Lair:2   | Killed Amaemon
 11226 | Lair:2   | Reached skill level 15 in Long Blades
 12217 | Lair:3   | Found a staircase to the Swamp.
 12221 | Lair:3   | Identified the +0 helmet "Pylar" {Dex+2}
 13401 | Lair:4   | Reached skill level 16 in Long Blades
 13412 | Lair:4   | Reached XP level 13. HP: 75/117 MP: 6/12
 14109 | Lair:3   | Found a hole to the Spider Nest.
 14158 | Spider:1 | Entered Level 1 of the Spider Nest
 14963 | Spider:1 | Reached skill level 10 in Dodging
 16217 | Spider:1 | Noticed a spark wasp
 16221 | Spider:1 | Noticed a spark wasp
 16231 | Spider:1 | Killed a spark wasp
 16238 | Spider:1 | Killed a spark wasp
 16336 | Spider:1 | Noticed a spark wasp
 16337 | Spider:1 | a spark wasp changed into an eye of devastation
 17808 | Spider:2 | Reached skill level 17 in Long Blades
 17821 | Spider:1 | Slain by a pharaoh ant

Illustrated notes

Levels and vault maps discovered:
D:1:      eino_arrival_druids_welcome, layout_rooms
D:2:      layout_basic, shapermc_ecumenical_altar_mp_ritualfount, serial_shops,
          nicolae_shop_tiny_waterfront, shop, nicolae_diamond_shop, shop,
          nicolae_shop_gaudy_bauble
D:3:      layout_basic, grunt_dithmenos_smoke, serial_shops, nicolae_shop_trees,
          shop, shop, nicolae_shop_statue_plus, nicolae_shop_getting_attention,
          uniq_jessica
D:4:      layout_basic, patterned_corridor
D:5:      layout_gridville, grunt_temple_overflow_cloverleaf,
          jmf_multi_god_temple, minmay_liquid_box
D:6:      layout_layer_cave, gup_sewer_entry_spiral
D:7:      layout_cave_pools, minmay_temple_entry_statues_fountains,
          serial_glass, glass_columns_b, glass_columns_a, glass_columns_a,
          glass_columns_b, glass_columns_a, glass_columns_c, glass_columns_a,
          glass_columns_a, uniq_menkaure
D:8:      layout_basic, mainiacjoe_overflow_six_doors_small,
          eino_small_chamber_without_monster, st_stairs_1, nicolae_hexahallways,
          uniq_pikel
D:9:      layout_basic, david_lair_shrubbed, serial_glass, glass_columns_b,
          glass_columns_b, glass_columns_a, glass_columns_c, glass_columns_b,
          glass_columns_a, glass_columns_b, glass_columns_a, uniq_erolcha
D:10:     layout_loops_ring, grunt_temple_overflow_growth_and_decay, erik_orc_1
Lair:1:   layout_hall_layers
Lair:2:   layout_small_grid, uniq_amaemon, uniq_gastronok
Lair:3:   layout_chaotic_city, swamp_mist_pool,
          nicolae_spider_entry_tight_spaces, beast_lair_carwin_6,
          grunt_megastairs_1
Lair:4:   layout_roguey
Lair:5:   hangedman_lair_in_review, layout_layer_cave,
          hangedman_lair_caniforms_friends, slime_entry_1,
          infiniplex_staircase_pool_2
Spider:1: layout_spider_delve, nicolae_spider_bzzzt
Spider:2: layout_spider_delve

Skill      XL: |  1  2  3  4  5  6  7  8  9 10 11 12 13 |
---------------+----------------------------------------+-----
Fighting       | 4 5 6 7 8 9 10 11 12 | 12.4
Long Blades    | 4 5 6 7 8 10 11 13 14 16 17 | 17.0
Armour         | 3 4 5 7 8 9 10 11 12 | 12.5
Dodging        | 3 4 5 6 7 8 9 10 | 10.4
Evocations     | 2 4 5 |  5.8
Shapeshifting  | 1 3 4 |  4.5
Stealth        | |  0.6

Action                     |  1- 3 |  4- 6 |  7- 9 | 10-12 | 13-15 || total
---------------------------+-------+-------+-------+-------+-------++-------
  Melee: Falchion          |    94 |   100 |   116 |       |       ||   310
         Headbutt          |    14 |    12 |    38 |   129 |    41 ||   234
         Punch             |     2 |       |     1 |       |       ||     3
         Long sword        |       |       |   119 |   507 |   174 ||   800
  Throw: Dart              |       |       |     5 |     7 |       ||    12
         Boomerang         |       |       |       |    18 |       ||    18
 Invoke: Berserk           |       |     1 |     9 |    24 |    10 ||    44
         Trog's Hand       |       |     1 |     4 |     4 |     2 ||    11
  Evoke: Wand              |       |       |       |    34 |    13 ||    47
    Use: Scroll            |     1 |       |    10 |    16 |     1 ||    28
         Potion            |       |       |     2 |     5 |     4 ||    11
   Stab: Petrified         |       |       |       |     3 |       ||     3
         Paralysed         |       |       |       |     7 |       ||     7
 Armour: Animal skin       |    16 |       |       |       |       ||    16
         Chain mail        |    48 |   108 |   221 |    58 |       ||   435
         Scale mail        |       |       |       |   389 |   174 ||   563
  Dodge: Dodged            |    48 |    36 |   115 |   300 |   108 ||   607
         Repelled          |       |       |       |     1 |     2 ||     3
  Block: Kite shield       |       |       |       |   167 |    60 ||   227

Table legend: (Time is in decaauts)
 A = Elapsed time spent in this place.
 B = Non-inter-level travel time spent in this place.
 C = Inter-level travel time spent in this place.
 D = Time resting spent in this place.
 E = Time spent auto-exploring this place.
 F = Levels seen in this place.
 G = Mean time per level.
                   A        B        C        D        E       F      G
               +--------+--------+--------+--------+--------+-----+--------+
         Total |  18101 |  13680 |   4421 |   7581 |   3201 |  17 | 1064.8 |
       Dungeon |   8036 |   5667 |   2369 |   2335 |   1791 |  10 |  803.6 |
          Lair |   6332 |   4782 |   1550 |   2789 |   1078 |   5 | 1266.4 |
   Spider Nest |   3733 |   3232 |    501 |   2457 |    331 |   2 | 1866.5 |
               +--------+--------+--------+--------+--------+-----+--------+

Top non-repeatable levels by time:
Spider:1: 3722 daAuts
  Lair:2: 2599 daAuts
     D:9: 1704 daAuts
     D:8: 1698 daAuts
  Lair:4: 1573 daAuts
  Lair:3: 1187 daAuts
     D:7: 1166 daAuts
  Lair:1: 967 daAuts
     D:2: 929 daAuts
    D:10: 922 daAuts
     D:5: 700 daAuts
     D:1: 515 daAuts
     D:4: 191 daAuts
     D:3: 154 daAuts
     D:6: 52 daAuts
